 Dungeon Crawl Stone Soup version 0.26.0-10-g1f06aea511 (webtiles) character file.

Game seed: 4248484845511975323

51 Borgoz the Slasher (level 3, -3/30 HPs)
             Began as a Ghoul Gladiator on Jan 15, 2021.
             Slain by an adder (4 damage)
             ... on level 2 of the Dungeon.
             The game lasted 00:01:22 (976 turns).

Borgoz the Slasher (Ghoul Gladiator)                 Turns: 976, Time: 00:01:23

Health: -3/30      AC:  4    Str: 17      XL:     3   Next: 83%
Magic:  0/2        EV: 12    Int:  0 (3)  God:
Gold:   109        SH:  0    Dex: 10 (11) Spells: 2/2 levels left

rFire    . . .     SeeInvis .   a - +0 long sword
rCold    + . .     Faith    .   (no shield)
rNeg     + + +     Spirit   +   b - +0 leather armour
rPois    ∞         Reflect  .   c - +0 helmet
rElec    .         Harm     +   l - scarf {harm}
rCorr    .         Rampage  .   (no gloves)
Will     .....                  (no boots)
Stlth    +.........             j - amulet of guardian spirit
HPRegen  0.00/turn              (no ring)
MPRegen  0.08/turn              (no ring)

@: mighty, slowed, lost intelligence, very slow
A: claws 1, cold resistance 1, negative energy resistance 3, inhibited
regeneration, torment resistance, unbreathing
a: no special abilities


You were on level 2 of the Dungeon.
You visited 1 branch of the dungeon, and saw 2 of its levels.

You collected 109 gold pieces.

Inventory:

Hand Weapons
 a - a +0 long sword (weapon)
Missiles
 d - 4 throwing nets (quivered)
Armour
 b - a +0 leather armour (worn)
 c - a +0 helmet (worn)
 l - a scarf of harm (worn)
Jewellery
 j - an amulet of guardian spirit (around neck)
Scrolls
 f - 2 scrolls of teleportation {unknown}
 g - 4 scrolls of identify {unknown}
 k - 2 scrolls of random uselessness {unknown}
Potions
 h - a potion of resistance
 m - a potion of cancellation


   Skills:
 + Level 2.6 Fighting
 * Level 3.2 Long Blades
 - Level 1.7 Throwing
 * Level 1.6 Armour
 + Level 3.0 Dodging


You had 2 spell levels left.
You didn't know any spells.
Your spell library was empty.

Dungeon Overview and Level Annotations

Branches:
Dungeon (2/15)

Altars:


Innate Abilities, Weirdness & Mutations

You thrive by killing the living.
You are immune to poison.
You have sharp fingernails.
Your flesh is cold resistant. (rC+)
You are immune to negative energy. (rN+++)
You do not regenerate when monsters are visible.
You are immune to unholy pain and torment.
You can survive without breathing.


Message History

Your body decomposes!
You feel dopey.
Your body decomposes!
You feel dopey.
You have lost your intelligence.
Your body decomposes!
You feel clumsy. The adder bites you but does no damage.
The rat twitches its whiskers.
The adder bites you.
* * * LOW HITPOINT WARNING * * *
The adder bites you but does no damage. The adder bites you.
* * * LOW HITPOINT WARNING * * *
You can move again.
It was a potion of might.
You feel very mighty all of a sudden. The adder bites you.
* * * LOW HITPOINT WARNING * * *
The adder bites you.
You die...

.......# .......††........# #†
##.######## .................####
#........# ................##...
#########.###..............##...†
.# #...##............###....
.##########.###....r.....####....
............#.##........##.......
.########...#..####''#####.####.#
.########...'...@SSr.# #.......
............#.######## #..###.#
.#######....#.# #..# #.#
.......#....#.# #..# #.#
.....#.#....#.# #..# #..
####.#.#....#.# #..#####
.......#.#'##.############.......
####.##........##.......##.#####.
<..............')................


You could see 2 adders and a rat.

Vanquished Creatures
  A worm (D:2)
  2 dart slugs (D:1)
  2 leopard geckos (D:1)
  6 bats
  A giant cockroach (D:2)
  4 goblins
  5 hobgoblins
  4 jackals (D:2)
  3 kobolds
  2 quokkas (D:2)
  A ball python (D:2)
  A frilled lizard (D:1)
  6 rats
38 creatures vanquished.

Notes
Turn   | Place    | Note
-------+----------+-------------------------------------------
     0 | D:1      | Borgoz the Ghoul Gladiator began the quest for the Orb.
     0 | D:1      | Reached XP level 1. HP: 17/17 MP: 0/0
    42 | D:1      | Reached XP level 2. HP: 25/25 MP: 1/1
   136 | D:1      | Reached skill level 1 in Armour
   473 | D:2      | Reached XP level 3. HP: 30/30 MP: 2/2
   973 | D:2      | Lost intelligence.
   976 | D:2      | HP: 1/30 [adder (1)]
   976 | D:2      | Slain by an adder

Illustrated notes

Levels and vault maps discovered:
D:1:      dpeg_arrival_refuge, layout_basic, minmay_misc_feat_pillars
D:2:      kennysheep_big_flooded_room, layout_basic, serial_park_tiny_pond,
          minmay_circle_x

Skill      XL: |  1  2  3 |
---------------+----------+-----
Armour         | 1 |  1.6
Long Blades    | 3 |  3.2
Dodging        | 3 |  3.0
Fighting       | |  2.6
Throwing       | |  1.7

Action                   || total
-------------------------++-------
Melee: Long sword        ||    90
  Use: Potion            ||     4
Armor: Leather armour    ||    37
Dodge: Dodged            ||   112
       Rpst.: Long sword ||    35
